 Dungeon Crawl Stone Soup version 0.21-a0-507-ga8f6b7a (webtiles) character file.

7 theanonym the Charmwright (level 1, 0/17 HPs)
             Began as a Demigod Skald on Nov 27, 2017.
             Slain by a bat (1 damage)
             ... on level 1 of the Dungeon.
             The game lasted 00:00:41 (199 turns).

theanonym the Charmwright (Demigod Skald)            Turns: 199, Time: 00:00:42

Health: 0/17       AC:  3    Str: 14    XL:     1   Next: 73%
Magic:  1/5        EV: 12    Int: 17    God:
Gold:   7          SH:  0    Dex: 15    Spells: 2/3 levels left

rFire    . . .     SeeInvis .   a - +0 hand axe
rCold    . . .     Gourm    .   (no shield)
rNeg     . . .     Faith    .   b - +0 leather armour
rPois    .         Spirit   .   (no helmet)
rElec    .         Reflect  .   (no cloak)
rCorr    .         Harm     .   (no gloves)
MR       .....                  (no boots)
Stlth    +.........             (no amulet)
HPRegen  0.05/turn              (no ring)
MPRegen  0.09/turn              (no ring)

@: no status effects
A: high mp 1
a: no special abilities


Innate Abilities, Weirdness & Mutations

You have an increased reservoir of magic. (+10% MP)


   Skills:
 - Level 1.7 Fighting
 * Level 2.4 Axes
 - Level 0.8 Armour
 - Level 1.7 Dodging
 - Level 1.7 Spellcasting
 - Level 2.6 Charms


You had 2 spell levels left.
You knew the following spells:

 Your Spells              Type           Power        Failure   Level  Hunger
a - Infusion              Chrm           ##..         9%          1    #......

Skill      XL: |  1 |
---------------+----+-----
Axes           | 2 |  2.4
Fighting       | |  1.7
Armour         | |  0.8
Dodging        | |  1.7
Spellcasting   | |  1.7
Charms         | |  2.6

Action                   || total
-------------------------++-------
Melee: Hand axe          ||    18
 Cast: Infusion          ||     1
Armor: Leather armour    ||    14
Dodge: Dodged            ||    24

Inventory:

Hand Weapons
 a - a +0 hand axe (weapon)
Armour
 b - a +0 leather armour (worn)
Scrolls
 e - a scroll of teleportation {unknown}
Potions
 g - a potion of cancellation {unknown}
 h - a potion of degeneration {unknown}
Books
 c - a book of Battle

   Spells                             Type                      Level
   a - Infusion                       Charms                       1
   b - Shroud of Golubria             Charms/Translocation         2
   c - Song of Slaying                Charms                       2
   d - Spectral Weapon                Hexes/Charms                 3
   e - Regeneration                   Charms/Necromancy            3
Comestibles
 d - a bread ration
 f - 6 chunks of flesh

Dungeon Overview and Level Annotations

Branches:
Dungeon (1/15)


You were on level 1 of the Dungeon.
You were not hungry.

You visited 1 branch of the dungeon, and saw 1 of its levels.

You collected 7 gold pieces.


Message History

The ball python bites you. The ball python constricts you.
The ball python bites you. The ball python constricts you.
You take 2 damage, and have 13/17 hp.
You barely miss the ball python. The ball python bites you.
The ball python constricts you.
You take 1 damage, and have 12/17 hp.
You barely miss the ball python. The ball python bites you.
The ball python constricts you.
You take 2 damage, and have 10/17 hp.
You are too injured to fight recklessly!
You hit the ball python.
You kill the ball python!
You start resting.
Health restored: 17 Unknown command.
Unknown command.
Unknown command.
You butcher the rat corpse.
f - a chunk of flesh You see here a rat skeleton. x2
You butcher the ball python corpse.
f - 5 chunks of flesh (gained 4)
You see here a ball python skeleton. x2
There is a stone staircase leading down here.
You see here a club.
g - a metallic emerald potion You butcher the bat corpse.
f - 6 chunks of flesh (gained 1)
You see here a ball python skeleton.
Found a leather armour.
You now have 7 gold pieces.
h - a blue potion A jackal comes into view.
You see here 15 gold pieces.
A jackal is nearby!
A jackal is nearby!
A jackal is nearby!
A jackal comes into view.
A rat and a jackal come into view.
The jackal barks! x2
The rat moves out of view.
A hobgoblin and a kobold come into view.
A bat comes into view.
The hobgoblin shouts!
The kobold shouts!
You hit the jackal.
You kill the jackal!
You barely miss the jackal. You hit the jackal. The bat barely misses you.
The jackal bites you but does no damage.
The jackal bites you. x2; The jackal closely misses you.
A hobgoblin comes into view. It is wielding a club.
You take 4 damage, and have 13/17 hp.
MASSIVE DAMAGE!!
The hobgoblin shouts!
You hit the jackal.
You kill the jackal!
You hit the jackal. The bat hits you but does no damage.
The jackal bites you but does no damage.
The rat misses you.
You begin infusing your attacks with magical energy.
The bat closely misses you. The jackal bites you.
The bat hits you but does no damage. The jackal bites you. The rat misses you.
You take 3 damage, and have 10/17 hp.
You now have 4/5 mp.
You closely miss the bat. You closely miss the rat.
You barely miss the hobgoblin. You barely miss the jackal.
The bat hits you but does no damage. The hobgoblin barely misses you.
The bat hits you. The jackal barely misses you. The rat misses you.
You take 1 damage, and have 9/17 hp.
You hit the hobgoblin. You hit the kobold.
You kill the kobold!
You closely miss the bat.
* * * LOW MAGIC WARNING * * *
You hit the rat.
You kill the rat!
You closely miss the jackal. The bat misses you. The jackal bites you.
* * * LOW HITPOINT WARNING * * *
The hobgoblin hits you but does no damage.
The jackal bites you.
* * * LOW HITPOINT WARNING * * *
You take 3 damage, and have 6/17 hp.
You now have 1/5 mp.
* * * LOW MAGIC WARNING * * *
You hit the hobgoblin. You hit the jackal. The bat hits you but does no damage.
The hobgoblin hits you with a club.
* * * LOW HITPOINT WARNING * * *
The jackal bites you but does no damage. x2
The hobgoblin hits you with a club.
* * * LOW HITPOINT WARNING * * *
You take 5 damage, and have 1/17 hp.
MASSIVE DAMAGE!!
You now have 0/5 mp.
Your magical infusion is running out.
The bat barely misses you. x2
The bat closely misses you. The bat misses you. The jackal closely misses you.
You see here 15 gold pieces.
The bat closely misses you. The bat hits you but does no damage.
The jackal bites you.
* * * LOW HITPOINT WARNING * * *
You take 1 damage, and have 1/17 hp.
The bat barely misses you.
You are no longer magically infusing your attacks.
The bat hits you.
You die...

......†††.#
..........## .#
.......#...#######..
.....................
..........$..........
..........g.g........
............h........
...........b.........
#..........^@........
....................
...................
..............[...
.#+#.>............
#.......##.....
#.............#
#.....÷÷###....
##+##...[>.# .##


You could see a jackal, 2 hobgoblins and a bat.

Notes
Turn   | Place    | Note
-------+----------+-------------------------------------------
     0 | D:1      | theanonym the Demigod Skald began the quest for the Orb.
     0 | D:1      | Reached XP level 1. HP: 17/17 MP: 5/5
    13 | D:1      | Reached skill level 2 in Axes
   191 | D:1      | HP: 7/17 [jackal (2)]
   192 | D:1      | HP: 3/17 [hobgoblin/club (3)]
   192 | D:1      | HP: 1/17 [hobgoblin/club (2)]
   197 | D:1      | HP: 1/17 [jackal (1)]
   199 | D:1      | Slain by a bat

Vanquished Creatures
  A goblin (D:1)
  2 jackals (D:1)
  A ball python (D:1)
  A bat (D:1)
  A kobold (D:1)
  2 rats (D:1)
8 creatures vanquished.
